 Dungeon Crawl Stone Soup version 0.30.1-11-g7821555f0a (webtiles) character file.

Game seed: 13806580634703671096

744 caec the Insei (level 7, -5/52 HPs)
             Began as a Yellow Draconian Transmuter on Jan 3, 2024.
             Was an Initiate of Hepliaklqana.
             Splashed by a jelly's acid (10 damage)
             ... on level 5 of the Dungeon.
             The game lasted 00:13:25 (5161 turns).

caec the Insei (Yellow Draconian Transmuter)        Turns: 5161, Time: 00:13:27

Health: -5/52      AC: -14   Str: 12    XL:     7   Next: 47%
Magic:  10/13      EV: 20    Int: 20    God:    Hepliaklqana [......]
Gold:   196        SH:  0    Dex: 18    Spells: 4/14 levels left

rFire   x .          .
                       - Unarmed
rCold   + . .        (shield currently unavailable)
rNeg    . . .        (body armour unavailable)
rPois   x            (helmet currently unavailable)
rElec   .            m - melded +0 cloak
rCorr   .            (gloves currently unavailable)
SInv    .            d - melded +0 pair of boots
Will    .....        n - amulet of the acrobat
Stlth   ++           f - ring of ice
HPRegen 0.28/turn    t - +6 ring of intelligence
MPRegen 0.13/turn

%: acrobat
@: spider-form (expiring), corroded
A: venomous fangs, (spit acid), AC +6, tiny, unfitting armour, (cold-blooded),
(acid resistance)
a: End Transformation, Renounce Religion


You were on level 5 of the Dungeon.
You worshipped Hepliaklqana.
Hepliaklqana was noncommittal.
You were a venomous arachnid creature.
You visited 1 branch of the dungeon, and saw 5 of its levels.

You collected 196 gold pieces.

Inventory:

Missiles
 b - 2 throwing nets
 j - 5 poisoned darts (quivered)
Armour
 d - a +0 pair of boots (melded)
 m - a +0 cloak (melded)
Jewellery
 e - a +4 ring of protection
 f - a ring of ice (left front pincers)
 n - an amulet of the acrobat (around neck)
 t - a +6 ring of intelligence (right front pincers)
 u - a ring of protection from cold
 v - a +6 ring of strength
Scrolls
 a - a scroll of fear
 l - a scroll of torment
 o - 3 scrolls of teleportation
 r - a scroll of magic mapping
 s - a scroll of amnesia {unknown}
 x - 2 scrolls of identify {unknown}
 y - a scroll of brand weapon {unknown}
 z - a scroll of acquirement {unknown}
Potions
 c - a potion of heal wounds
 g - a potion of haste {unknown}
 h - a potion of magic {unknown}
 i - 2 potions of resistance {unknown}
 k - a potion of ambrosia {unknown}
 p - 2 potions of attraction {unknown}
 q - a potion of flight {unknown}
 w - 2 potions of invisibility {unknown}
 A - a potion of curing {unknown}


   Skills:
 + Level 1.5 Fighting
 + Level 3.2 Dodging
 - Level 0.3 Stealth
 + Level 5.6 Unarmed Combat
 + Level 4.2 Spellcasting
 + Level 4.3 Transmutations
 + Level 1.0 Poison Magic


You had 4 spell levels left.
You knew the following spells:

 Your Spells              Type           Power      Damage    Failure   Level
a - Beastly Appendage     Tmut           42%        N/A       8%          1
b - Wereblood             Tmut           21%        N/A       11%         2
c - Spider Form           Tmut/Pois      15%        N/A       28%         3
d - Ice Form              Ice/Tmut       19%        N/A       67%         4

Your spell library contained the following spells:

 Spells                   Type           Power      Damage    Failure   Level
 Vhi's Electric Charge    Tloc/Air       8%         N/A       58%         3
 Arcjolt                  Conj/Air       2%         1d12      99%         5
 Maxwell's Capacitive Co  Air            2%         ∞         100%        8


Dungeon Overview and Level Annotations

Branches:
Dungeon (5/15)
 Temple: D:4-7

Altars:
Ashenzari
Hepliaklqana
Vehumet


Innate Abilities, Weirdness & Mutations

You are a venomous arachnid creature.
You have venomous fangs.
You are tiny and dextrous.
Your spellcasting is less reliable in this form.
Your armour is entirely melded.
You are incapable of wielding weapons or throwing items.
((You can spit globs of acid.))
((Your golden yellow scales are hard. (AC +6)))
You cannot fit into any form of body armour.
((You are cold-blooded and may be slowed by cold attacks.))
((You are resistant to acid. (rCorr)))


Message History

You bite the hound!
You kill the hound!
Your Poison Magic skill increases to level 1!
Your transformation is almost over.
Your transformation has ended.
Your +0 cloak unmelds from your body.
Your +0 pair of boots unmelds from your body.
A - a silvery potion
Found a stone staircase leading down.
A jelly comes into view.
Casting: Spider Form (dangerous; 12% risk of failure)
Confirm with . or Enter, or press ? or * to list all spells.
You turn into a venomous arachnid creature.
Your +0 cloak melds into your body.
Your +0 pair of boots melds into your body.
Your transformation is almost over.
You hit the jelly but do no damage. The acid corrodes you!
Your front pincers burn!
The jelly completely misses you.
You hit the jelly. The acid corrodes you!
Your front pincers burn!
The jelly is lightly wounded.
You hit the jelly.
Your front pincers burn!
The jelly is heavily wounded.
The jelly hits you.
You are splashed with acid!
You hit the jelly.
Your front pincers burn!
The jelly is severely wounded.
The jelly hits you. The acid corrodes you!
You are splashed with acid!
You are too injured to fight recklessly!
You are too injured to fight recklessly!
You hit the jelly but do no damage. The acid corrodes you!
Your front pincers burn!
The jelly is severely wounded.
The jelly hits you.
You are splashed with acid!
* * * LOW HITPOINT WARNING * * *
You hit the jelly but do no damage.
Your front pincers burn!
* * * LOW HITPOINT WARNING * * *
The jelly is severely wounded.
The jelly hits you.
* * * LOW HITPOINT WARNING * * *
The acid corrodes you!
You are splashed with acid!
You die...

#.....#####.########
#...................
#......†.#######.###
#...####.####....#..
##.## #......##...#
#.## ###.......###
#..# #.#..#### ##.#
#.....# #s# #..##.#
#.J..........
.............#
###>....##..#.#
######


You could see a jelly.

Vanquished Creatures
  A black bear (D:4)
  A phantom (D:4)
  A bullfrog (D:5)
  A gnoll sergeant (D:5)
  An orc priest (D:4)
  2 hounds
  Jessica (D:2)
  4 iguanas
  Natasha (twice) (D:4)
  8 gnolls
  3 adders
  3 worms
  3 dart slugs
  2 orcs (D:4)
  6 ball pythons
  3 endoplasms
  3 giant cockroaches
  5 goblins
  4 hobgoblins
  8 jackals
  4 kobolds
  5 quokkas
  4 bats
  3 frilled lizards
  6 rats
84 creatures vanquished.

Notes
Turn   | Place    | Note
-------+----------+-------------------------------------------
     0 | D:1      | caec the Draconian Transmuter began the quest for the Orb.
     0 | D:1      | Reached XP level 1. HP: 16/16 MP: 3/3
   541 | D:1      | Reached XP level 2. HP: 21/23 MP: 3/5
   551 | D:1      | Learned a level 2 spell: Wereblood
  1080 | D:2      | Noticed Jessica
  1089 | D:2      | Killed Jessica
  1090 | D:2      | Reached XP level 3. HP: 26/28 MP: 6/6
  1421 | D:2      | Reached XP level 4. HP: 32/35 MP: 5/7
  1949 | D:3      | Identified the +7 sling of the Elven Halls {speed, Dex+3}
  2063 | D:3      | Found a radiant altar of Vehumet.
  2219 | D:3      | Reached skill level 4 in Unarmed Combat
  2219 | D:3      | Reached XP level 5. HP: 40/40 MP: 4/8
  2286 | D:3      | Found a broken altar of Ashenzari.
  2757 | D:3      | Learned a level 3 spell: Spider Form
  2987 | D:4      | Noticed a black bear
  3100 | D:4      | Killed a black bear
  3101 | D:4      | Reached XP level 6. HP: 46/47 MP: 8/11
  3644 | D:4      | Found a hazy altar of Hepliaklqana.
  3651 | D:4      | Became a worshipper of Hepliaklqana the Forgotten
  3658 | D:4      | Learned a level 4 spell: Ice Form
  4158 | D:4      | Noticed Natasha
  4164 | D:4      | Killed Natasha
  4165 | D:4      | Reached skill level 5 in Unarmed Combat
  4326 | D:4      | Noticed Natasha
  4333 | D:4      | Killed Natasha
  4334 | D:4      | Your scales start taking on a golden yellow colour.
  4334 | D:4      | Reached XP level 7. HP: 47/52 MP: 8/12
  4334 | D:4      | Gained mutation: You are resistant to acid. (rCorr) [Yellow
                  | Draconian growth]
  4431 | D:5      | Entered Level 5 of the Dungeon
  5094 | D:5      | Reached skill level 1 in Poison Magic
  5161 | D:5      | Splashed by a jelly's acid

Illustrated notes

Levels and vault maps discovered:
D:1:      dpeg_chamrin_arrival_tetris, layout_basic, minivault_4
D:2:      layout_basic, minmay_unequal, uniq_jessica
D:3:      layout_loops_corners, nicolae_vehumet_radiance,
          nicolae_overflow_crystal_walls, minmay_misc_feat_cross
D:4:      layout_layer_cave, lemuel_round_altar, nrook_mini_backslash,
          minmay_box_of_dots, uniq_natasha
D:5:      layout_rooms, feat_on_display, uniq_ijyb

Skill      XL: |  1  2  3  4  5  6  7 |
---------------+----------------------+-----
Dodging        | 2 3 |  3.2
Transmutations | 3 4 |  4.3
Unarmed Combat | 4 5 |  5.6
Spellcasting   | 3 4 |  4.2
Poison Magic   | 1 |  1.0
Fighting       | |  1.5
Stealth        | |  0.3

Action                     |  1- 3 |  4- 6 |  7- 9 || total
---------------------------+-------+-------+-------++-------
  Melee: Unarmed           |    74 |   130 |    56 ||   260
         Kick              |    17 |    29 |       ||    46
         Headbutt          |     8 |    15 |       ||    23
         Tailslap          |     6 |    12 |     1 ||    19
         Punch             |     4 |     3 |       ||     7
  Throw: Throwing net      |     4 |       |       ||     4
         Dart              |       |    12 |     3 ||    15
   Cast: Beastly Appendage |    16 |    25 |     1 ||    42
         Wereblood         |     4 |     9 |     1 ||    14
         Spider Form       |       |     5 |     7 ||    12
Ability: Breathe Acid      |       |       |     1 ||     1
  Evoke: Wand              |       |     2 |       ||     2
    Use: Scroll            |     1 |     4 |     1 ||     6
         Potion            |     1 |     1 |       ||     2
   Stab: Sleeping          |       |     1 |       ||     1
 Armour: Skin              |    28 |    37 |     6 ||    71
  Dodge: Dodged            |    60 |    84 |    37 ||   181
